 Dungeon Crawl Stone Soup version 0.17-a0-1093-g0b3cd89 (webtiles) character file.

114 Lugonue the Covert (level 4, -1/33 HPs)
             Began as a Vampire Assassin on May 20, 2015.
             Slain by an ooze (2 damage)
             ... on level 3 of the Dungeon.
             The game lasted 00:03:17 (2086 turns).

Lugonue the Covert (Vampire Assassin)               Turns: 2086, Time: 00:03:18

Health: -1/33      AC:  3    Str: 10    XL:     4   Next: 67%
Magic:  4/4        EV: 12    Int: 14    God:
Gold:   166        SH:  0    Dex: 15    Spells: 0 memorised, 3 levels left

rFire  . . .     SeeInvis +     s - +1 dagger (vamp)
rCold  + . .     Clarity  .     c - +0 robe
rNeg   + + .     SustAb   .     (no shield)
rPois  +         Gourm    .     (no helmet)
rElec  .         Spirit   .     d - +0 cloak
rCorr  .         Warding  .     (no gloves)
rMut   .         Stasis   .     (no boots)
MR     .....                    (no amulet)
Stlth  +++++.....               (no ring)
                                (no ring)

@: lethally poisoned (-1 -> -6), regenerating slowly, not resistant to hostile
enchantments, quite stealthy
A: fangs 3, see invisible, unbreathing
a: Bat Form


You were on level 3 of the Dungeon.
You were thirsty.

You visited 1 branch of the dungeon, and saw 3 of its levels.

You collected 166 gold pieces.

Inventory:

Hand weapons
 a - a +2 dagger
 b - a +0 blowgun
 s - a +1 vampiric dagger (weapon)
Missiles
 e - 8 poisoned needles
 f - 2 curare-tipped needles
Armour
 c - a +0 robe (worn)
 d - a +0 cloak (worn)
Magical devices
 n - a wand of polymorph (11)
Scrolls
 h - a scroll of fear {unknown}
 i - a scroll of magic mapping {unknown}
 k - 3 scrolls of identify {unknown}
 l - 3 scrolls of remove curse {unknown}
 p - a scroll of enchant armour {unknown}
Potions
 g - 4 potions of blood
 m - a potion of magic {unknown}
 o - a potion of lignification {unknown}
 q - a potion of degeneration {unknown}
 r - a potion of ambrosia {unknown}


   Skills:
 - Level 1.7 Fighting
 * Level 2.1 Short Blades
 - Level 1.5 Throwing
 - Level 1.1 Dodging
 + Level 8.6 Stealth


You had 3 spell levels left.
You didn't know any spells.

Dungeon Overview and Level Annotations

Branches:
Dungeon (3/15)

Altars:


Innate Abilities, Weirdness & Mutations

You heal slowly.
You have razor-sharp teeth.
You have supernaturally acute eyesight.
You can survive without breathing.


Message History

* * * LOW HITPOINT WARNING * * *
The ooze barely misses you.
Drink which item? (? for menu, Esc to quit)
It was a potion of curing.
You feel better. The adder barely misses you. The bat barely misses you.
The hobgoblin completely misses you. The ooze barely misses you.
The adder bites you but does no damage. The adder bites you.
* * * LOW HITPOINT WARNING * * *
You are poisoned.
The adder poisons you! The hobgoblin hits you.
* * * LOW HITPOINT WARNING * * *
The bat closely misses you.
You hit the ooze.
You feel better.
The ooze is moderately wounded.
* * * LOW HITPOINT WARNING * * *
You feel sick. The bat misses you. The adder barely misses you.
The ooze closely misses you. The hobgoblin hits you.
* * * LOW HITPOINT WARNING * * *
The hobgoblin closely misses you. The ooze hits you.
You die...

##.# ....## #.#..
. #... #[ #..#
##.# #####..#
##...##...#.#
#........@S.#
........bJg)#
[........(..###≈
.......<(.........
#.....(.(..#..#≈#.
##.?.##...##..#
#### ###.# #.# ...
## #..b#


You could see an ooze, an adder, a hobgoblin and a bat.

Vanquished Creatures
  Ijyb (D:2)
  A gnoll (D:1)
  2 adders (D:2)
  2 oozes
  2 worms (D:2)
  A ball python (D:2)
  A bat (D:1)
  5 hobgoblins
  5 jackals (D:1)
  12 kobolds
  A quokka (D:2)
  2 giant newts
  6 goblins
  8 rats
49 creatures vanquished.

Notes
Turn   | Place    | Note
--------------------------------------------------------------
     0 | D:1      | Lugonue the Vampire Assassin began the quest for the Orb.
     0 | D:1      | Reached XP level 1. HP: 16/16 MP: 1/1
    22 | D:1      | Reached skill level 6 in Stealth
    56 | D:1      | Reached XP level 2. HP: 22/22 MP: 2/2
   225 | D:1      | Reached skill level 7 in Stealth
   252 | D:1      | Reached XP level 3. HP: 25/27 MP: 3/3
   760 | D:2      | Noticed Ijyb
   768 | D:2      | Killed Ijyb
   768 | D:2      | Reached skill level 1 in Short Blades
   768 | D:2      | Reached skill level 8 in Stealth
   768 | D:2      | Reached XP level 4. HP: 30/33 MP: 4/4
  2082 | D:3      | HP: 1/33 [hobgoblin (2)]
  2086 | D:3      | Slain by an ooze

Vault maps used:
D:1:      lemuel_arrival_broad_hall, serial_park_tiny_pond
D:2:      uniq_iyjb
D:3:      amethyst_overflow_temple_binary, lemuel_crystal_altar, first_bread

Action                   |  1- 3 |  4- 6 || total
-------------------------+-------+-------++-------
Melee: Dagger            |    78 |    80 ||   158
  Use: Potion            |       |     2 ||     2
 Stab: Sleeping          |     7 |     5 ||    12
